AoeStats
← argentineau

African Clearing

510627966Analyzed
4v4 RM · 24h ago on Oct 1, 2026· 49m 26s· 8 players
Game mode
Random Map
Map size
Large (8 player)
Population
200
Speed
Normal
Resources
Standard
Victory
Conquest
Starting age
Dark Age
Ending age
Imperial Age
RankedLock teamsTeams togetherTeam positionsShared explorationLock speedFull tech treeHidden civsTurbo modeCheats
Victory
Defeat
🇲🇽 Huns · Mexico
1075
+15
🇦🇷 Vietnamese · Argentina
1052
+15
🇬🇧 Japanese · United Kingdom
1045
+16
🇳🇿 Georgians · New Zealand
1034
+16
🇧🇷 Magyars · Brazil
1096
-18
🇦🇷 Spanish · Argentina
1034
-15
🇦🇷 Portuguese · Argentina
1026
-15
🇦🇷 Goths · Argentina
1009
-14
Sniper_Wolf
12:43 Loom
14:42 Feudal Age
13:43 Loom
15:28 Feudal Age
13:52 Loom
15:37 Feudal Age
14:25 Loom
16:10 Feudal Age
14:52 Loom
16:37 Feudal Age
18:13 Double-Bit Axe
18:10 Horse Collar
21:01 Castle Age
19:27 Gold Mining
19:51 Scale Barding Armor
19:57 Forging
20:23 Forging
21:54 Bow Saw
23:10 Chain Barding Armor
24:57 Iron Casting
27:14 Bloodlines
27:05 Fletching
29:16 Wheelbarrow
32:23 Hand Cart
31:53 Town Watch
36:39 Heavy Plow
40:05 Imperial Age
38:51 Husbandry
40:15 Marauders
41:24 Conscription
40:25 Elite Tarkan
41:50 Plate Barding Armor
42:16 Blast Furnace
Yogensya7784
12:20 Feudal Age
12:52 Man-at-Arms
14:12 Loom
14:42 Scale Mail Armor
16:20 Forging
19:59 Arson
23:24 Castle Age
23:34 Double-Bit Axe
23:54 Long Swordsman
24:20 Gambesons
24:37 Squires
26:33 Yasama
35:16 Guard Tower
37:32 Ballistics
37:10 Murder Holes
48:48 Imperial Age
50:14 Wheelbarrow
49:26 Town Watch
50:04 Conscription
50:07 Fortified Wall
chichimp
7:59 Loom
15:32 Feudal Age
20:43 Castle Age
18:18 Man-at-Arms
19:08 Scale Mail Armor
27:29 Long Swordsman
30:49 Double-Bit Axe
31:27 Fletching
34:41 Bodkin Arrow
39:29 Wheelbarrow
39:57 Town Watch
43:00 Imperial Age
40:36 Gambesons
41:11 Chain Mail Armor
41:06 Forging
41:40 Hand Cart
41:29 Squires
43:32 Two-Handed Swordsman
44:53 Plate Mail Armor
45:41 Bracer
47:20 Iron Casting
47:03 Champion
48:30 Arson
49:58 Blast Furnace
FranGinaro
13:29 Feudal Age
11:45 Loom
12:54 Loom
18:19 Castle Age
16:32 Double-Bit Axe
17:10 Fletching
17:21 Horse Collar
18:56 Bodkin Arrow
22:38 Town Watch
27:31 Heavy Plow
28:04 Bow Saw
28:23 Padded Archer Armor
30:42 Wheelbarrow
32:53 Husbandry
34:01 Hand Cart
36:39 Imperial Age
34:52 Bloodlines
35:25 Leather Archer Armor
37:15 Thumb Ring
37:42 Bracer
38:46 Chemistry
38:07 Ballistics
37:54 Siege Engineers
39:11 Two-Man Saw
39:02 Ring Archer Armor
40:48 Paper Money
41:02 Heavy Cavalry Archer
42:07 Gold Mining
42:07 Stone Mining
42:48 Treadmill Crane
43:18 Masonry
43:04 Murder Holes
45:19 Crop Rotation
48:13 Caravan
48:47 Coinage
48:28 Guilds
argentineau
7:16 Loom
15:28 Feudal Age
16:03 Double-Bit Axe
18:43 Wheelbarrow
17:54 Horse Collar
25:08 Castle Age
32:41 Heavy Plow
33:38 Town Watch
38:49 Bow Saw
Noxh
14:57 Feudal Age
16:32 Loom
19:48 Castle Age
17:38 Double-Bit Axe
17:34 Horse Collar
21:00 Scale Barding Armor
21:45 Bow Saw
21:23 Horse Collar
26:13 Elite Skirmisher
32:42 Heavy Plow
34:24 Wheelbarrow
37:48 Padded Archer Armor
38:01 Bloodlines
38:00 Thumb Ring
42:58 Imperial Age
40:46 Hand Cart
42:14 Leather Archer Armor
43:10 Ballistics
44:06 Gold Mining
44:25 Elite Conquistador
49:00 Chemistry
Sinbad
4:25 Loom
13:15 Feudal Age
17:12 Castle Age
16:17 Horse Collar
16:26 Double-Bit Axe
28:23 Bow Saw
28:46 Fletching
29:56 Ballistics
29:40 Bodkin Arrow
31:27 Padded Archer Armor
32:41 Husbandry
35:35 Wheelbarrow
40:10 Imperial Age
38:08 Leather Archer Armor
38:02 Gold Mining
38:41 Thumb Ring
38:57 Hand Cart
39:27 Bloodlines
41:56 Chemistry
41:24 Parthian Tactics
41:32 Bracer
42:10 Conscription
42:30 Gold Shaft Mining
43:14 Two-Man Saw
42:17 Heavy Plow
42:34 Recurve Bow
42:16 Elite Magyar Huszar
43:00 Corvinian Army
42:49 Heavy Cavalry Archer
44:16 Scale Barding Armor
43:38 Light Cavalry
46:07 Chain Barding Armor
46:18 Ring Archer Armor
45:59 Siege Engineers
47:21 Plate Barding Armor
47:15 Scale Mail Armor
atarulo
10:34 Loom
13:52 Feudal Age
16:41 Wheelbarrow
19:34 Castle Age
31:30 Double-Bit Axe
33:46 Horse Collar
39:20 Imperial Age
38:30 Hand Cart
38:00 Town Watch
39:02 Bow Saw
39:07 Pikeman
39:34 Gambesons
40:42 Heavy Plow
43:46 Chemistry
43:06 Ballistics
43:52 Elite Organ Gun
Connection lost

Rejoining the realm…

Still unreachable

The connection could not be restored.

Session expired

The server has moved on; the page needs a fresh start.